 Dungeon Crawl Stone Soup version 0.31-a0-177-g4aa6249778 (webtiles) character file.

Game seed: 1304872859764630592

2272 qw the Cleaver (level 9, -6/57 HPs)
             Began as a Gargoyle Fighter on June 18, 2023.
             Mangled by a yak (12 damage)
             ... on level 6 of the Dungeon.
             The game lasted 00:02:57 (5304 turns).

qw the Cleaver (Gargoyle Fighter)                   Turns: 5304, Time: 00:02:57

Health: -6/57      AC: 20    Str: 25    XL:     9   Next: 38%
Magic:  9/9        EV: 12    Int:  8    God:
Gold:   281        SH:  4    Dex:  9    Spells: 8/8 levels left

rFire   . . .        Y - +2 war axe
rCold   + . .        c - +0 buckler
rNeg    + + .        i - +0 plate armour
rPois   inf          j - +1 helmet "Norchugoe" {Contam rElec rN+}
rElec   +            (no cloak)
rCorr   .            (no gloves)
SInv    .            (no boots)
Will    .....        (no amulet) Stlth
                     h - +5 ring of evasion
HPRegen 0.29/turn    e - ring of protection from cold
MPRegen 0.11/turn

%: no passive effects
@: no status effects
A: sickness immunity, AC +6, negative energy resistance 1, electricity
resistance, torment resistance 1, petrification resistance
a: no special abilities


You were on level 6 of the Dungeon.
You visited 1 branch of the dungeon, and saw 6 of its levels.

You collected 281 gold pieces.


Innate Abilities, Weirdness & Mutations

You are immune to sickness and miasma.
Your stone body is resilient. (AC +6)
You are immune to poison.
You resist negative energy. (rN+)
You are resistant to electric shocks. (rElec)
You are resistant to unholy torment.
You are immune to petrification.


   Skills:
 - Level 7.3 Fighting
 - Level 9.1 Axes
 + Level 5.0 Armour
 - Level 1.0 Dodging
 - Level 4.0 Shields


You had 8 spell levels left.
You didn't know any spells.
Your spell library was empty.

Inventory:

Hand Weapons
 b - a +0 flail
 Y - a +2 war axe (weapon)
Armour
 c - a +0 buckler (worn)
 i - a +0 plate armour (worn)
 j - the +1 helmet "Norchugoe" (worn) {Contam rElec rN+}
   (You took it off Robin on level 2 of the Dungeon)

   rElec:     It insulates you from electricity.
   rN:        It protects you from negative energy.
   Contam:    It causes magical contamination when unequipped.
Jewellery
 e - a ring of protection from cold (right hand)
 h - a +5 ring of evasion (left hand)
Scrolls
 k - a scroll of identify
Potions
 a - 3 potions of haste
 d - 2 potions of might
 f - a potion of brilliance {unknown}
 g - a potion of attraction {unknown}
 l - a potion of invisibility {unknown}
 m - a potion of curing
 o - a potion of lignification {unknown}

Dungeon Overview and Level Annotations

Branches:
Dungeon (6/15)
 Temple: D:4-7

Altars:
Elyvilon
Kikubaaqudgha
Nemelex Xobeh
Ru
Xom
Zin
The Shining One


Message History

You hit the yak.
The yak is severely wounded.
You hit the yak. The yak gores you but does no damage. The yak gores you.
You hit the yak but do no damage.
The yak is severely wounded.
You hit the yak but do no damage. The yak misses you.
You block the yak's attack.
You slash the yak!
The yak is almost dead.
You slash the yak! The yak misses you. You block the yak's attack.
You closely miss the yak.
The yak is almost dead.
You slash the yak!
You kill the yak!
You block the yak's attack.
You hit the yak but do no damage.
The yak is almost dead.
You hit the yak. The yak gores you but does no damage. The yak gores you.
You slash the yak!
You kill the yak!
You hit the yak but do no damage. The yak misses you.
Your Fighting skill increases to level 7!
You slash the yak!
The yak is moderately wounded.
You slash the yak!
The yak is severely wounded.
The yak closely misses you.
You hit the yak.
The yak is severely wounded.
You hit the yak. The yak barely misses you. You block the yak's attack.
You barely miss the yak.
The yak is severely wounded.
You barely miss the yak. The yak gores you. The yak gores you!
You die...

### #.#
#.###########
#######.........@Y#
..............###Y#
#######.#####.# Y#
............#.# Y#
#######.###.#.# .#
#.# #.# )# #.# #.#
.# #######.### #.#
.# ..........# #.#


You could see 4 yaks.

Vanquished Creatures
  Grinder (D:3)
  Sigmund (D:3)
  2 yaks (D:6)
  A black bear (D:5)
  2 ogres (D:5)
  2 centaurs (D:5)
  A kobold brigand (D:4)
  2 necrophages (D:4)
  2 bullfrogs
  A scorpion (D:4)
  2 wights (D:4)
  4 hounds
  A human zombie (D:4)
  An orc priest (D:5)
  2 sleepcaps (D:5)
  4 iguanas
  Jessica (D:3)
  3 orc wizards
  3 hound zombies (D:4)
  2 mummies (D:4)
  Robin (D:2)
  3 gnolls (D:3)
  6 adders
  A white imp (D:5)
  2 ufetubi
  An adder zombie (D:4)
  3 worms
  2 dart slugs
  18 orcs
  4 bats
  7 endoplasms
  5 giant cockroaches
  10 goblins
  6 hobgoblins
  5 jackals
  3 quokkas
  4 ball pythons
  5 frilled lizards
  A jackal zombie (D:4)
  6 kobolds
131 creatures vanquished.

Notes
Turn   | Place    | Note
-------+----------+-------------------------------------------
     0 | D:1      | qw the Gargoyle Fighter began the quest for the Orb.
     0 | D:1      | Reached XP level 1. HP: 14/14 MP: 1/1
     0 | D:1      | 0 ||| qw: Version: 0.3-a-5-g6f28e65
     0 | D:1      | 0 ||| qw: Game counter: 549
     0 | D:1      | 0 ||| qw: Always use a shield: true
     0 | D:1      | 0 ||| qw: God list: Okawaru
     0 | D:1      | 0 ||| qw: Allow faded altars: false
     0 | D:1      | 0 ||| qw: Do Orc after D:15 true
     0 | D:1      | 0 ||| qw: Do second Lair branch before Depths: true
     0 | D:1      | 0 ||| qw: Lair rune preference: random
     0 | D:1      | 0 ||| qw: Plans: Normal, Zot:1-4, Slime:5, God:TSO, Crypt,
                  | Tomb, Abyss, Pan, Hells, Win
     0 | D:1      | 0 ||| PLANNING D:1-11
    92 | D:1      | Reached skill level 2 in Axes
   147 | D:1      | Reached XP level 2. HP: 19/19 MP: 2/2
   441 | D:1      | Found a faded altar of an unknown god.
   484 | D:1      | Reached skill level 3 in Axes
   667 | D:1      | 667 ||| READING scroll labelled INTUDD TUTENICW.
   668 | D:1      | 668 ||| READING scroll labelled PEAXEY JUROVAL.
   669 | D:1      | 669 ||| READING 2 scrolls labelled SIXAOX DEKAIQ.
   670 | D:1      | 670 ||| DRINKING 2 golden potions.
   676 | D:1      | 676 ||| DROPPING scroll of amnesia.
   677 | D:1      | 677 ||| DROPPING potion of ambrosia.
   728 | D:2      | Reached XP level 3. HP: 23/23 MP: 3/3
   773 | D:2      | 773 ||| READING scroll of enchant weapon.
   773 | D:2      | 773 ||| ENCHANTING +1 war axe.
   850 | D:2      | Identified the +1 helmet "Norchugoe" {Contam rElec rN+}
   850 | D:2      | Noticed Robin
   858 | D:2      | Killed Robin
   862 | D:2      | 862 ||| Stepping ~*~*~tactically~*~*~ (stealth).
   866 | D:2      | 866 ||| Stepping ~*~*~tactically~*~*~ (stealth).
   867 | D:2      | 867 ||| Stepping ~*~*~tactically~*~*~ (stealth).
   868 | D:2      | 868 ||| Stepping ~*~*~tactically~*~*~ (stealth).
   870 | D:2      | 870 ||| Stepping ~*~*~tactically~*~*~ (hiding).
   999 | D:2      | 999 ||| Stepping ~*~*~tactically~*~*~ (stealth).
  1020 | D:2      | Reached XP level 4. HP: 28/28 MP: 4/4
  1037 | D:2      | 1037 ||| Stepping ~*~*~tactically~*~*~ (hiding).
  1547 | D:2      | Reached skill level 4 in Axes
  1638 | D:2      | 1638 ||| UPGRADING to +1 helmet "Norchugoe" {Contam rElec
                  | rN+}.
  1643 | D:2      | 1643 ||| UPGRADING to +5 ring of evasion.
  1644 | D:2      | 1644 ||| READING scroll labelled BEMPIR IKHLAEJISS.
  1645 | D:2      | 1645 ||| READING scroll labelled PUTOINGARUTS.
  1646 | D:2      | 1646 ||| READING scroll labelled HUFEAH MESUTS.
  1647 | D:2      | 1647 ||| READING scroll labelled NIEDAE DETTAIRCH.
  1648 | D:2      | 1648 ||| DRINKING 2 viscous dark potions.
  1801 | D:3      | Noticed Jessica
  1802 | D:3      | 1802 ||| Stepping ~*~*~tactically~*~*~ (hiding).
  1806 | D:3      | Killed Jessica
  1935 | D:3      | Reached XP level 5. HP: 32/32 MP: 5/5
  1937 | D:3      | Noticed Grinder
  1943 | D:3      | Paralysed by Grinder for 5 turns
  1954 | D:3      | Paralysed by Grinder for 4 turns
  1959 | D:3      | Killed Grinder
  1960 | D:3      | Reached skill level 6 in Axes
  1960 | D:3      | Reached XP level 6. HP: 23/37 MP: 6/6
  2145 | D:3      | Noticed Sigmund
  2146 | D:3      | 2146 ||| Stepping ~*~*~tactically~*~*~ (hiding).
  2200 | D:3      | Killed Sigmund
  2201 | D:3      | Reached XP level 7. HP: 33/44 MP: 7/7
  2435 | D:3      | 2435 ||| UPGRADING to +0 chain mail.
  2445 | D:3      | 2445 ||| DROPPING +0 scale mail.
  2446 | D:3      | 2446 ||| READING scroll labelled YSO LEBRARIUMN.
  2473 | D:3      | 2473 ||| DRINKING 2 clear potions.
  2598 | D:4      | 2598 ||| DRINKING potion of curing.
  2598 | D:4      | 2598 ||| (to cure confusion)
  2602 | D:4      | Reached skill level 1 in Dodging
  2644 | D:4      | 2644 ||| Stepping ~*~*~tactically~*~*~ (stealth).
  2660 | D:4      | 2660 ||| DROPPING +0 mace.
  2744 | D:4      | Found a sparkling altar of Nemelex Xobeh.
  2744 | D:4      | Found a shimmering altar of Xom.
  2771 | D:4      | 2771 ||| Stepping ~*~*~tactically~*~*~ (stealth).
  3013 | D:4      | 3013 ||| Stepping ~*~*~tactically~*~*~ (stealth).
  3022 | D:4      | Reached skill level 7 in Axes
  3119 | D:4      | Found an ancient bone altar of Kikubaaqudgha.
  3142 | D:4      | Reached XP level 8. HP: 49/49 MP: 8/8
  3181 | D:4      | Reached skill level 8 in Axes
  3858 | D:4      | 3858 ||| UPGRADING to +0 plate armour.
  3868 | D:4      | 3868 ||| DROPPING +0 chain mail.
  3869 | D:4      | 3869 ||| UPGRADING to ring of protection from cold.
  3870 | D:4      | 3870 ||| READING scroll labelled FIYGIY AGAONK.
  3871 | D:4      | 3871 ||| READING scroll labelled GUPONE ORUGI.
  3898 | D:5      | Entered Level 5 of the Dungeon
  3954 | D:5      | Reached skill level 6 in Fighting
  4040 | D:5      | Found a sacrificial altar of Ru.
  4112 | D:5      | 4112 ||| Stepping ~*~*~tactically~*~*~ (hiding).
  4121 | D:5      | 4121 ||| Stepping ~*~*~tactically~*~*~ (stealth).
  4140 | D:5      | 4140 ||| Stepping ~*~*~tactically~*~*~ (stealth).
  4257 | D:5      | 4257 ||| Stepping ~*~*~tactically~*~*~ (stealth).
  4258 | D:5      | 4258 ||| Stepping ~*~*~tactically~*~*~ (stealth).
  4275 | D:5      | Reached XP level 9. HP: 55/55 MP: 9/9
  4277 | D:5      | 4277 ||| Stepping ~*~*~tactically~*~*~ (stealth).
  4278 | D:5      | 4278 ||| Stepping ~*~*~tactically~*~*~ (stealth).
  4289 | D:5      | Reached skill level 9 in Axes
  4289 | D:5      | 4289 ||| FLEEEEING.
  4290 | D:5      | 4290 ||| FLEEEEING.
  4291 | D:5      | 4291 ||| FLEEEEING.
  4292 | D:5      | 4292 ||| FLEEEEING.
  4293 | D:5      | 4293 ||| FLEEEEING.
  4294 | D:5      | 4294 ||| FLEEEEING.
  4295 | D:5      | 4295 ||| FLEEEEING.
  4296 | D:5      | 4296 ||| FLEEEEING.
  4297 | D:5      | 4297 ||| FLEEEEING.
  4298 | D:5      | 4298 ||| FLEEEEING.
  4299 | D:5      | 4299 ||| FLEEEEING.
  4300 | D:5      | 4300 ||| FLEEEEING.
  4302 | D:5      | 4302 ||| FLEEEEING.
  4303 | D:5      | 4303 ||| FLEEEEING.
  4304 | D:5      | 4304 ||| FLEEEEING.
  4305 | D:5      | 4305 ||| FLEEEEING.
  4613 | D:5      | Found a glowing golden altar of the Shining One.
  4613 | D:5      | Found a glowing silver altar of Zin.
  4613 | D:5      | Found a white marble altar of Elyvilon.
  4715 | D:5      | 4715 ||| Stepping ~*~*~tactically~*~*~ (hiding).
  5241 | D:6      | 5241 ||| Stepping ~*~*~tactically~*~*~ (stealth).
  5282 | D:6      | 5282 ||| Stepping ~*~*~tactically~*~*~ (stealth).
  5293 | D:6      | HP: 14/56 [yak (13)]
  5299 | D:6      | HP: 8/56 [yak (4)]
  5304 | D:6      | HP: 6/57 [yak (4)]
  5304 | D:6      | Mangled by a yak

Levels and vault maps discovered:
D:1:      psy_arrival_statuary, layout_loops_ring,
          hellmonk_ecumenical_altar_arch_garden
D:2:      wander_river, layout_basic, grunt_decor_cap, kennysheep_boxes,
          uniq_robin
D:3:      layout_loops_cross, uniq_jessica, uniq_grinder, uniq_sigmund
D:4:      layout_loops_corners, lemuel_mausoleum_altar_kikubaaqudgha,
          jmf_multi_god_temple, hangedman_abyss_or_decor_stabs,
          minmay_misc_feat_plants, kennysheep_minor_cross, nicolae_wormholes
D:5:      layout_cave_pods, good_gods_mini_temple, lemuel_tele_altar,
          st_stairs_3
D:6:      layout_basic, serial_aquarium, aquarium_bridge_square
          [aquarium_subvault_wall, aquarium_subvault_bridge,
          aquarium_subvault_window, aquarium_subvault_bridge],
          aquarium_window_fake, aquarium_window_corner, aquarium_view_2b,
          aquarium_balcony_3b

Skill      XL: |  1  2  3  4  5  6  7  8  9 |
---------------+----------------------------+-----
Axes           | 2 3 4 6 7 8 9 |  9.1
Fighting       | 4 5 6 7 |  7.3
Dodging        | 1 |  1.0
Armour         | 5 |  5.0
Shields        | 4 |  4.0

Action                     |  1- 3 |  4- 6 |  7- 9 || total
---------------------------+-------+-------+-------++-------
  Melee: War axe           |    87 |    68 |   302 ||   457
    Use: Scroll            |     4 |     4 |     3 ||    11
         Potion            |     1 |     1 |     2 ||     4
 Armour: Scale mail        |    42 |    41 |       ||    83
         Chain mail        |       |       |    50 ||    50
         Plate armour      |       |       |    58 ||    58
  Dodge: Dodged            |    33 |    33 |   162 ||   228
  Block: Buckler           |    17 |    13 |    56 ||    86

Table legend:
 A = Non-vault XP
 B = Vault XP
 C = Vault XP percentage of total XP
 D = Non-vault monster count
 E = Vault monster count
 F = Vault count percentage of total count
                 A         B        C        D         E       F
            +---------+---------+-------+---------+---------+-------
      Total |    1941 |    1306 |  40.2 |     101 |      30 |  22.9
            +---------+---------+-------+---------+---------+-------
        D:1 |      30 |       0 |   0.0 |      17 |       0 |   0.0
        D:2 |      52 |      25 |  32.5 |      18 |       7 |  28.0
        D:3 |      61 |     540 |  89.9 |      12 |       3 |  20.0
        D:4 |     391 |     524 |  57.3 |      21 |      16 |  43.2
        D:5 |     769 |     217 |  22.0 |      19 |       4 |  17.4
        D:6 |     638 |       0 |   0.0 |      14 |       0 |   0.0
            +---------+---------+-------+---------+---------+-------
